Workbook

Sheet TRDM
A1: EMPRESA IBAGUEREÑA DE ACUEDUCTO Y ALCANTARILLADO IBAL S.A. ESP OFICIAL - IBAL
A2: Slip Condiciones Técnicas Pólizas / Programa de Seguros
A3: OBJETO
A4: Amparar las pérdidas o daños materiales que sufran los bienes de propiedad del IBAL bajo su responsabilidad, tenencia y/o control, y en general los recibidos a cualquier titulo y/o por los que tenga algún interés asegurable.
A5: DEFINICIONES
A6: BIENES ASEGURADOS Toda propiedad real, bienes materiales de propiedad del IBAL, o de terceros que se hallen bajo su responsabilidad, tenencia, cuidado, custodia, control o por las cuales sea legal o contractualmente responsable, y en general los recibidos a cualquier título o por los que tenga algún interés asegurable, ubicados en el territorio nacional, dentro o fuera de las instalaciones o predios del asegurado y/o en predios de terceros y/o que se encuentren a la intemperie, consistentes principalmente pero no limitados en los siguientes:"
A7: DEFINICIÓN DE EDIFICIO Lo constituye las construcciones propias y no propias, de edificos e inherentes a ellas, fijas con todas sus adiciones y anexos, de propiedad del IBAL, bajo su responsabilidad, tenencia y/o control incluidos los tomados en arriendo, tales pero no limitados a los cimientos, divisiones internas de las que estén dotadas las edificaciones, escaleras externas, mejoras locativas, instalaciones sanitarias y para agua (subterráneas o no), de aire acondicionado, redes eléctricas (subterráneas o no), líneas de fibra óptica, contadores y demás instalaciones de servicios públicos, acometidas de comunicación, intercomunicación o sonido, tanques de agua, almacenamiento, ductos y rejillas del equipo de aire acondicionado, mallas, avisos, vallas, patios, aceras, instalaciones fijas para prevención y/o extinción de incendios, y demás instalaciones similares que formen parte integrante del edificio o edificios asegurados aunque no se hayan mencionado específicamente, de propiedad del asegurado o por los que sea responsable, siempre y cuando no se encuentren específicamente asegurados bajo otro artículo o póliza que cubra los mismos eventos amparados. El valor asegurable incluye el costo de los honorarios por dirección de obra y/o interventoría, los estudios, adecuaciones y aplicación de las normas de sismo resistencia vigente a la fecha del siniestro.
A8: OBRAS CIVILES Se entiende por obras civiles las plantas de tratamiento de agua potable, planta de tratamiento de aguas residuales zona rural, bocatomas, aducciones, sistemas de acueducto, incluidas conducciones, colectores, interceptores, tanques de distrubucion y almacenamiento, y cualquier otra obra aunque no se haya determinado específicamente, de propiedad del asegurado o por los que sea responsable a cualquier título, siempre y cuando en este último caso no estén cubierto por otra póliza, ubicados en cualquier parte de los predios que pueda adquirir el asegurado dentro del territorio nacional.
A9: DEFINICIÓN DE MAQUINARIA Y EQUIPO Toda maquinara, equipos, accesorios, herramientas, compresores, plantas eléctricas, y en general todo elemento correspondiente a maquinaria, aunque no se haya determinado específicamente, de propiedad del asegurado o por los que se responsable a cualquier título, siempre y cuando en este último caso no estén cubierto por otra póliza, ubicados en cualquier parte de los predios que pueda adquirir el asegurado dentro del territorio nacional.
A10: CONTENIDOS Se entiende por contenido en general, documentos de cualquier clase, archivos históricos, croquis, dibujos, escrituras, patrones, planos, moldes o modelos, hojas de vida de trabajadores, sellos, recibos, libros de comercio, articulos decorativos y Ornamentación, muebles, enseres, útiles de oficina, divisiones modulares de las oficinas, estantes, los archivadores, equipos y herramientas, y cualquier otra clase de bienes no mencionados, aunque no se hayan descrito específicamente, de propiedad del asegurado o por los que sea responsable a cualquier título.
A12: INVENTARIO Y MATERIALES DE ALMACEN Bienes consistentes principalmente en válvulas, tuberías (PVC, PE), llaves de aguja, codo, medidores, collares, uniones, abrazaderas y en general demás bienes que hagan parte del inventario y del almacén, aunque no se hayan descrito específicamente, que sean de propiedad del asegurado o por los que sea responsable a cualquier título.
A13: INSUMOS, REACTIVOS Y SUMINISTROS Bienes consistentes principalmente en cloro, sulfato sólido, cal, sulfato líquido, PACI y en general demás bienes que hagan parte de los insumos y materiales requeridos por el asegurado aunque no se hayan descrito específicamente, que sean de propiedad del asegurado o por los que sea responsable a cualquier título.
... A19: MEJORAS LOCATIVAS Todas aquellas mejoras a los inmuebles realizadas por el IBAL, aún en el caso de que la misma no sea propietaria, para adecuarlos a sus necesidades, tales como, divisiones modulares, enchapes, mejoras eléctricas, cielos rasos, incluyendo las divisiones internas de que estén dotadas las edificaciones, etc.
A20: TODO RIESGO | B20: VALOR | C20: PUNTOS
A21: DAÑOS MATERIALES COMBINADOS | B21: ASEGURADO
A22: Daños Materiales
A23: 1. Activos Fijos de Eibal ubicados en la ciudad de Ibague
A24: - Edificios y construcciones | B24: =+'RELACIÓN BS TRDM'!H6 -> 3.3059719e+10 | C24: OBLIGATORIO
A25: - Obras Civiles: | B25: =+'RELACIÓN BS TRDM'!H19 -> 2.4901403e+11 | C25: OBLIGATORIO
A26: - Muebles y enseres y contenidos en general | B26: =+'RELACIÓN BS TRDM'!D164 -> 1.4542124e+09 | C26: OBLIGATORIO
A27: - Existencias - Mercancias | B27: =+'RELACIÓN BS TRDM'!D165 -> 7.9525677e+09 | C27: OBLIGATORIO
A28: - Maquinaira y equipo | B28: =+'RELACIÓN BS TRDM'!D166 -> 2.9897679e+09 | C28: OBLIGATORIO
A29: - Herramienta y accesorios | B29: =+'RELACIÓN BS TRDM'!D167 -> 8.6266093e+08 | C29: OBLIGATORIO
A30: - Dineros dentro y fuera de caja fuerte | B30: =200000000*1.0603 -> 212060000 | C30: OBLIGATORIO
A31: - Equipo de comunicación y cmputación | B31: =+'RELACIÓN BS TRDM'!D169 -> 1.0419881e+09 | C31: OBLIGATORIO
A32: - Equipo medico y cientifico | B32: =+'RELACIÓN BS TRDM'!D170 -> 5.268923e+08 | C32: OBLIGATORIO
A33: - Tubería almacenada en patios varios para la planta de Coello | B33: =+'RELACIÓN BS TRDM'!D171 -> 10709030000 | C33: OBLIGATORIO
A34: . Cableado estructurado | B34: =+'RELACIÓN BS TRDM'!D172 -> 106030000 | C34: OBLIGATORIO
A35: - Vehiculos en reposo (desuso) | B35: =+'RELACIÓN BS TRDM'!D173 -> 15904500 | C35: OBLIGATORIO
A36: Total Valor Asegurado | B36: =SUM(B24:B35) -> 3.0794487e+11 | C36: OBLIGATORIO
A37: Nota: Inventarios de Mercancias comprende ente otros accesorios, contadores, repuestos, tuberias, insumos quimicos, insumos de oficina y demas elementos propios para el funcionamiento de la empresa.
A38: 2. Lucro Cesante por Incendio (Utilidad Bruta incluyendo la totalidad de la nómina) | B38: =+'RELACIÓN BS TRDM'!D174 -> 5301500000 | C38: OBLIGATORIO
A39: Período de indemnización 12 meses
A40: 3. Rotura de Maquinaria | B40: =+B28 -> 2.9897679e+09 | C40: OBLIGATORIO
A41: 4. Equipo Electronico (incluido hurto y hurto calificado). | B41: =+B31+B32 -> 1.5688804e+09 | C41: OBLIGATORIO
A42: 5. Sustracción (Dineros) | B42: =+B30 -> 212060000 | C42: OBLIGATORIO
A43: 6. Sustracción (Muebles y Enseres) | B43: =+B26 -> 1.4542124e+09 | C43: OBLIGATORIO
A44: 7. Sustracción (inventarios de Mercancías.herramientas-cable estrucutrado y vehiculos en desuso) | B44: =+B27+B29+B33+B34+B35 -> 1.9646193e+10 | C44: OBLIGATORIO
A45: - Índice variable 5% | B45: =+(B24+B25+B26+B28+B29)*5% -> 1.436902e+10 | C45: OBLIGATORIO
A46: Amparos
A47: Todo riesgo de pérdida o daño material por cualquier causa no expresamente excluída, sea que dichos bienes estén en uso o inactivos y se encuentren dentro o fuera de los predios del asegurado, de propiedad del asegurado o de terceros bajo su responsabilidad, incluyendo:Terremoto, temblor o erupción volcánica (100%), Asonada, motín, conmoción civil o popular, huelga y actos mal intencionados de terceros (100%), Equipos Eléctricos y Electrónicos, Rotura de Maquinaria, Hurto, Hurto Calificado y Lucro Cesante. Incluye todos aquellos bienes recibidos o dados en comodato y/o en alquiler.
A48: Amparos Adicionales Con Límites | B48: Valor Asegurado | C48: Puntos
A49: - Remoción de escombros | B49: =10%*B24 -> 3.3059719e+09 | C49: 40
A50: - Gastos adicionales | B50: 800000000 | C50: 20
A51: - Amparo automático de nuevas propiedades, bienes y equipos ( 60 días) | B51: 1000000000 | C51: 20
A52: - Traslado temporal (60 días). Excluye el transporte | B52: 1000000000 | C52: 20
A53: - Gastos de demostración de pérdida | B53: 800000000 | C53: 20
A54: - Gastos de extinción | B54: 800000000 | C54: 20
A55: - Gastos de preservación | B55: 800000000 | C55: 15
A56: - Propiedad personal de empleados | B56: 50000000 | C56: 20
A57: - Honorarios profesionales | B57: 800000000 | C57: 20
A58: - Portador externo de datos | B58: 350000000 | C58: 15
A59: - Equipos móviles y portátiles | B59: =+[1]ACTIVOS.!I73 -> #REF! | C59: 20
A60: - Honorarios de gastos de viaje y estadía de técnicos y otros | B60: 600000000 | C60: 25
A61: - Alquiler de equipos por pérdidas totales o parciales | B61: 400000000 | C61: 20
A62: - Gastos para obtención de licencias, peritazgos y todos aquellos gastos necesarios demostrables en que incurra el asegurado para la reconstrucción del edificio | B62: 300000000 | C62: 20
A63: - Renta (9 meses) | B63: 900000000 | C63: 20
A64: - Reposición de documentos y/o archivos | B64: 550000000 | C64: 10
A65: - Bienes bajo cuidado, tenencia y control (inlcuido daños materiales y sustracción) | B65: 500000000 | C65: 30
A66: - Gastos adicionales equipo electrónico | B66: 300000000 | C66: 15
A67: - Gastos adicionales por horas extras | B67: 350000000 | C67: 15
A68: - Rotura Accidental de Vidrios | B68: 350000000 | C68: 15
A69: - Incremento en costos de construcción y/o adecuación a normas sismoresistentes, valor asegurado adicional al valor del ítem edificios. | B69: 10% valor asegurado edificios | C69: OBLIGATORIO
A70: - Adecuación de suelos, cimientos y terrenos por terremoto. | B70: 10% valor asegurado edificios | C70: OBLIGATORIO
A71: TOTAL | C71: =SUM(C49:C70) -> 400
A72: Condiciones Particulares | B72: Valor Asegurado | C72: Puntos
A73: (Ver texto de cada cláusula en el Capítulo V - Pliego de Condiciones)
A74: Condiciones técnicas y económicas de reaseguradores | C74: 3
A75: El valor asegurado debe corresponder a valor de reposición o reemplazo | C75: OBLIGATORIO
A76: Labores y materiales | C76: 7
A77: Conocimiento del riesgo | C77: OBLIGATORIO
A78: Arbitramento | C78: 3
A79: Base alternativa (Lucro Cesante) | C79: 3
A80: Reparaciones provisionales | C80: 2
A81: Revocación o no renovación de la póliza 90 días. Excepto Amit 10 días | C81: OBLIGATORIO
A82: Restablecimiento automático de la suma asegurada por pago de siniestro. Con cobro adicional de prima ) | C82: OBLIGATORIO
A83: Ajuste anual de utilidad bruta (Lucro Cesante) | C83: 2
A84: Excepción por deducible a la cláusula de daños (Lucro) | C84: 2
A85: Reformas y edificios nuevos | B85: Hasta el 10% del valor asegurado Edificios. | C85: 2
A86: Actos de autoridad | C86: 5
A87: Cobertura de conjuntos | C87: 2
A88: Designación de bienes asegurados | C88: 3
A89: Bajo el amparo de terremoto, temblor se cubren la utilidad neta y gastos fijos (Lucro Cesante) | C89: 2
A90: Cobertura de inundación y enlodamiento | C90: 2
A91: Amparo automático para equipos de reemplazo | C91: 2
A92: Aviso de pérdida 30 días | C92: OBLIGATORIO
A93: Los amparos adicionales contemplados en la póliza con límite no tendrán aplicación de deducible | C93: OBLIGATORIO
A94: Hurto calificado en predios | C94: 2
A95: Nombramiento de ajustador | C95: 2
A96: 3.53 Anexo de avalancha, anegación y deslizamiento | C96: 2
A97: Salvamentos | C97: 2
A98: Autorizaciones | C98: 2
A99: La cobertura de suspensión del servicio de energía se extiende a cubrir postes y líneas de transmisión, dentro de los predios del asegurado. | C99: 3
A100: Cobertura de desprendimiento de piedras o rocas, por eventos cubiertos en la póliza | C100: 3
A101: Cobertura de hundimiento o corrimiento del terreno, por eventos cubiertos en la póliza | C101: 3
A102: Daños por vehículos propios | C102: 3
A103: No aplicación de la cláusula de seguro insuficiente o infraseguro, cuando la diferencia entre el valor aseguable y el valor aseguado sea menor o igual al 15% | C103: OBLIGATORIO
A104: No concurrencia de deducibles | C104: 3
A105: Pago en la indemnización | C105: 3
A106: Automaticidad de amparos | C106: 3
...

Sheet TRDM M Y E
A1: TODO RIESGO EQUIPO Y MAQUINARIA | B1: VALOR | C1: PUNTOS
B2: ASEGURADO
A3: Amparar contra todo riesgo la maquinaria y equipo que se moviliza por sus propios medios y la que se encuentra instalada en los vehiculos de propiedad o por los que sea responsable el IBAL, en cualquier parte del territorio nacional y por los daños que éstas causen a terceras personas a sus bienes. | C3: OBLIGATORIO
A4: De acuerdo a la relación anexa | B4: =+'RELACIÓN TRDM M Y E'!C14 -> 5660432864
A5: Total Valor Asegurado | B5: =SUM(B4:B4) -> 5660432864
A6: - Índice variable 5% | B6: =B5*5% -> 2.8302164e+08
A7: AMPAROS | B7: En Millones | C7: PUNTOS
A8: - Todo riesgo | C8: OBLIGATORIO
A9: - Terremoto, temblor y/o erupción volcánica | C9: OBLIGATORIO
A10: - Huracán - Avenida - Inundación - Anegación | C10: OBLIGATORIO
A11: - Asonada, motín, conmoción civil o popular y huelga | C11: OBLIGATORIO
A12: - Actos mal intencionados de terceros (terrorismo) | C12: OBLIGATORIO
A13: - Hurto y hurto calificado | C13: OBLIGATORIO
A14: - Otras propiedades del asegurado | C14: 20
A15: - Hundimiento del terreno | C15: 30
A16: - Inundación y desbordamiento | C16: OBLIGATORIO
A17: - Caída de rocas | C17: OBLIGATORIO
A18: - Deslizamientos de tierra | C18: OBLIGATORIO
A19: - Equipos bajo tierra | C19: 20
A20: - Daños a propiedades adyacentes o vecinas | C20: 30
A21: - Volcamiento | C21: OBLIGATORIO
A22: - Extended coverage | C22: OBLIGATORIO
A23: - Movilización por sus propios medios y/o en vehículos especializados | C23: 30
A24: - Cualquier otro fenómeno de la naturaleza | C24: 30
A25: Nota 1: No obstante lo contemplado en las condiciones generales y particulares de la póliza, la cobertura se debe ampliar para amparar los daños de los equipos asegurados durante su transporte y movilización por sus propios medios en el territorio nacional, incluyendo vías públicas. | C25: 40
A26: Nota 2: Para efecto de los daños, lesiones o muerte que puedan sercausados como consecuencia de la operación de los equipos y bienes, los empleados serán considerados como terceros. | C26: 40
A27: Nota 3: Se cubre la responsabilidad civil contractual derivada de laoperación de los equipos y bienes que ocasionen daños a los bienes o personas relacionadas contractualmente con la empresa. | C27: 30
A28: AMPAROS ADICIONALES COMO SUBLIMITE | C28: PUNTOS
A29: - Responsabilidad Civil Extracontractual | B29: 1000000000 | C29: OBLIGATORIO
A30: - Gastos médicos | B30: 30000000 | C30: OBLIGATORIO
A31: - Gastos extraordinarios | B31: 50000000 | C31: 20
A32: - Remoción de escombros | B32: 100000000 | C32: OBLIGATORIO
A33: - Gastos para demostrar la pérdida | B33: 100000000 | C33: OBLIGATORIO
A34: - Gastos adicionales | B34: 50000000 | C34: 10
A35: - Alquiler de equipos en pérdidas totales y/o parciales | B35: 100000000 | C35: 20
A36: - Honorarios profesionales | B36: 50000000 | C36: 15
A37: - Flete aéreo | B37: 50000000 | C37: 15
A38: Traslado temporal de bienes (se excluye transporte) | B38: 100000000 | C38: 10
A39: - Incremento en los costos de operación: | C39: 40
A40: Límite diario: | B40: 400000
A41: Agregado año: | B41: 24000000
A42: TOTAL | C42: =SUM(C8:C41) -> 400
A43: CONDICIONES PARTICULARES | C43: PUNTOS
A45: Condiciones técnicas y económicas de los reaseguradores | C45: 3
A46: Nombramiento de ajustador. De común acuerdo con la aseguradora. | C46: 3
A47: Designación de bienes asegurados | C47: 3
A48: Labores y Materiales | C48: 3
A49: Cobertura de conjuntos | C49: 10
A50: Revocación o no renovación de la póliza 180 días | C50: 10
A51: El valor asegurado debe corresponder a valor de reposición o reemplazo a nuevo | C51: 10
A52: Restablecimiento automático del valor asegurado por pago de siniestros. Mínimo una vez con cobro de prima | C52: OBLIGATORIO
A53: Amparo automático para nuevos bienes hasta por el 50% del valor asegurado y por 180 días) | C53: OBLIGATORIO
A54: Salvamentos | C54: 3
A55: Autorizaciones | C55: 3
A56: Arbitramento | C56: 3
A57: Aviso de siniestro 180 días. | C57: 20
A58: Conocimiento del riesgo | C58: 10
A59: Anticipo del Pago de indemnizaciones, 80% del valor estimado de la pérdida, siempre y cuando haya sido demostrada la ocurrencia y la cuantia dela pérdida. | C59: 20
A60: Automaticidad de amparo | C60: 5
A61: Indemnización a valor de reposición | C61: 5
A62: Eliminación clausula de garantías | C62: OBLIGATORIO
A63: Extensión de cobertura | C63: 10
A64: Extensión del sitio o sitios en donde se asegura el riesgo | C64: 10
A65: Manejo de siniestros | C65: 3
A66: Opción de amparos | C66: 3
A67: Cláusula de demérito por uso: De 0 a 5 Años 0% De 6 a 10 Años 4% anual De 11 a 15 Años 5 % anual Más de 15 Años 50% máximo | C67: 20
A68: Reparaciones provisionales | C68: 3
A69: No aplicación de la cláusula de seguro insuficiente o infraseguro. cuando la diferencia entre el valor asegurable y el valor asegurado no supere el 20 % | C69: OBLIGATORIO
A70: No aplicación de la cláusula de contrato de mantenimiento, (efectuado por personal calificado) | C70: OBLIGATORIO
A71: Actos de autoridad | C71: 2
A72: Cláusula de 72 horas | C72: 2
A73: Pago de anticipos, una vez demostrable la pérdida y previa autorización de la Cia. | C73: 2
A74: Cláusula de no control. | C74: 2
A75: Cobertura para maquinaria y equipo bajo tierra. | C75: 2
A76: Aclaración cobertura de Responsabilidad civil Extracontractual: Queda entendido que la presente póliza ampara la responsabilidad civil derivada de los perjuicios patrimoniales y/o extrapatrimoniales, así como el Lucro cesante ocasionados en el desarrollo de las actividades propias del asegurado, de las complementarias a dichas actividades, de las especiales que desarrolle aún sin conexión directa con su función principal, así como de todas aquellas que sean necesarias dentro del giro normal de sus negocios, aún cuando tales actividades sean prestadas por personas naturales o jurídicas en quienes el asegurado hubiese encargado o delegado el desarrollo o control o vigilancia de las mismas. | C76: 0BLIGATORIO
A77: Tiempo ofertado para el pago de la indemnización una vez documentado el siniestro: Se otorgan los puntos al menor numero de días ofertados | C77: 30
A78: TOTAL | C78: =SUM(C45:C77) -> 200
A79: DEDUCIBLES | C79: PUNTOS
A80: Nota aclaratoria: Solo se tendrán en cuenta los deducibles expresados sobre el valor de la pérdida o sin deducible, tal y como se detallan a continuación. Cualquier otra alternativa distinta a la solicitada que desmejore las condiciones propuestas, tendrá cero (0) puntos para ese deducible.
A81: - Amparo basico Maquinaria y equipo (daño interno) | B81: 1% valor pérdida mínimo 1 smmlv | C81: OBLIGATORIO
A82: - Asonada, motín, conmoción civil o popular y huelga y Amit: | B82: 1% valor pérdida mínimo 1 smmlv | C82: 50
A83: - terremoto, temblor, erupción volcanica | B83: 1% valor pérdida mínimo 1 smmlv | C83: 50
A84: - Hurto y hurto calificado | B84: 2% valor pérdida mínimo 1 smmlv | C84: 70
A85: - Responsabilidad Civil Extracontractual | B85: 2% valor pérdida mínimo 1 smmlv | C85: 60
A86: - Demás eventos: | B86: sin deducible | C86: 70
A87: TOTAL | C87: =SUM(C81:C86) -> 300
A88: PRIMA CON IVA | C88: PUNTOS
A89: VALOR | C89: 87.5
A90: TOTAL: | C90: =+C89 -> 87.5
A91: VINCULACIÓN DE PERSONAL EN CONDICIÓN DE DISCAPACIDAD | C91: PUNTOS
C92: 10
A93: Valor | C93: =SUM(C92) -> 10
A94: EMPRENDIMIENTO DE MUJERES | C94: PUNTOS
C95: 2.5
A96: Valor | C96: =+C95 -> 2.5
A97: TOTAL | C97: =+C96+C93+C90+C87+C78+C42 -> 1000

Sheet MANEJO
A1: MANEJO ENTIDADES ESTATALES | B1: VALOR | C1: PUNTOS
B2: ASEGURADO
A3: Se amparan las pérdidas patrimoniales causadas al asegurado por actos de infidelidad de cualquiera de sus empleados y/o empresas de servicios temporales y/o empleados de firmas especializadas y/o outsourcing. Igualmente se incluyen el valor de las cajas menores.
A4: Limite global: | B4: 500000000 | C4: OBLIGATORIO
A5: Opción 2 | B5: Se otorgaran 200 adicionales a quien otorgue el mayor limite asegurado adicional al obligatorio. | C5: 200
A6: AMPAROS | C6: PUNTOS
A7: - Básico | C7: OBLIGATORIO
A8: - Hurto y hurto calificado | C8: OBLIGATORIO
A9: - Abuso de confianza | C9: OBLIGATORIO
A10: - Estafa | C10: 50
A11: - Falsificación | C11: 50
A12: - Protección de depósitos bancarios | C12: 100
A13: Peculados | C13: OBLIGATORIO
A14: - Alcances fiscales | C14: OBLIGATORIO
A15: - Rendición reconstrucción de cuentas | C15: OBLIGATORIO
A16: - Cajas Menores | B16: 10000000 | C16: OBLIGATORIO
A17: - Delitos contra la administración pública | C17: OBLIGATORIO
A18: TOTAL | C18: =SUM(C5:C17) -> 400
A19: CONDICIONES PARTICULARES | C19: PUNTOS
A21: Se ampara todo el personal al servicio del asegurado | C21: 5
A22: Amparo automático para nuevos cargos sin ajuste de prima | C22: 20
A23: Revocación o no renovación de la póliza 180 días | C23: OBLIGATORIO
A24: Cláusula de extensión de cobertura | C24: 10
A25: Restablecimiento automático del valor asegurado por pago de siniestro. Mínimo una vez con cobro de prima. | C25: 30
A26: Se cubren pérdidas causadas por empleados de firmas especializadas y/o temporales y/o outsourcing | B26: 1 | C26: OBLIGATORIO
A27: Aviso de siniestro 180 días. | C27: 5
A28: Nombramiento de ajustador. De común acuerdo con la asegurdora | C28: 5
A29: Condiciones técnicas y económicas de reaseguradores. | C29: 5
A30: Acuerdo para ajuste en caso de siniestro. | C30: 5
A31: Manejo de siniestro. | C31: 5
A32: Conocimiento de las pólizas por las coaseguradoras | C32: 5
A33: Pérdidas causadas por personas no identificadas | B33: 1 | C33: OBLIGATORIO
A34: Bienes bajo cuidado, tenencia y control | B34: Hasta el 50% | C34: OBLIGATORIO
A35: En en caso de pérdidas de bienes no se aplicará demérito por uso | C35: 15
A36: Anticipo de la indemnización 75% previa demostración y cuantía de la pérdida. | C36: 40
A37: Experticio Técnico | C37: 10
A38: Modificacaciones en beneficio del asegurado | C38: 10
A39: Tiempo ofertado para el pago de la indemnización una vez documentado el siniestro: Se otorgan los puntos al menor numero de días ofertados | C39: 30
A40: TOTAL | C40: =SUM(C21:C39) -> 200
A41: DEDUCIBLES | C41: PUNTOS
A42: Nota aclaratoria: Solo se tendrán en cuenta los deducibles expresados sobre el valor de la pérdida o sin deducible, tal y como se detallan a continuación. Cualquier otra alternativa distinta a la solicitada que desmejore las condiciones propuestas, tendrá cero (0) puntos para ese deducible.
A43: - Cajas Menores | B43: Sin aplicación de deducible | C43: OBLIGATORIO
A44: - Por evento: | B44: Sin aplicación de deducible | C44: 300
A45: TOTAL | C45: =SUM(C44) -> 300
A46: PRIMA CON IVA | C46: PUNTOS
C47: 87.5
A48: Valor | C48: =SUM(C47) -> 87.5
A49: VINCULACIÓN DE PERSONAL EN CONDICIÓN DE DISCAPACIDAD | C49: PUNTOS
C50: 10
A51: Valor | C51: =SUM(C50) -> 10
A52: EMPRENDIMIENTO DE MUJERES | C52: PUNTOS
C53: 2.5
A54: Valor | C54: =SUM(C53) -> 2.5
A55: TOTAL | C55: =+C54+C51+C48+C45+C40+C18 -> 1000

Sheet RCE
A1: RESPONSABILIDAD CIVIL EXTRACONTRACTUAL | B1: VALOR | C1: PUNTOS
B2: ASEGURADO
A3: 1. República de Colombia:
A4: Queda entendido que la presente póliza ampara la responsabilidad civil y administrativa derivada de los perjuicios patrimoniales (daño emergente y lucro cesante) y/o extrapatrimoniales (daños morales, fisiológicos y a la vida en relación), ocasionados en el desarrollo de las actividades propias del asegurado, de las complementarias a dichas actividades, de las especiales que desarrolle aún sin conexión directa con su función principal, así como de todas aquellas que sean necesarias dentro del giro normal de sus negocios, aun cuando tales actividades sean prestadas por personas naturales o jurídicas en quienes el asegurado hubiese encargado o delegado el desarrollo o control o vigilancia de las mismas. | C4: OBLIGATORIO
A5: Opción Básica Limite Global 1 | B5: 1200000000 | C5: OBLIGATORIO
A6: Opción 2 | B6: Se otorgaran 200 adicionales a quien otorgue el mayor limite asegurado adicional al obligatorio. | C6: 200
A7: AMPAROS | B7: En Millones | C7: PUNTOS
A8: - Predios, labores y operaciones | C8: OBLIGATORIO
A9: - Contratistas y/o subcontratistas independientes. En exceso de las pólizas requeridas | B9: 150 MILLONES EVENTO/1200 MILLONESVIGENCIA | C9: OBLIGATORIO
A10: - Responsabilidad Civil por inundación | B10: 1 | C10: OBLIGATORIO
A11: - Responsabilidad Civil Patronal. En exceso de las prestaciones sociales | B11: 1 | C11: OBLIGATORIO
A12: - Productos y operaciones terminadas | C12: 2
A13: - Restaurantes, cafeterías, bares y casinos | C13: 2
A14: - Vallas - Avisos dentro y fuera de los predios | B14: 100' EVENTO /200' VIGENCIA | C14: 2
A15: - Vehículos propios y no propios. Opera en exceso de la póliza de Autos | B15: 100' EVENTO /200' VIGENCIA | C15: OBLIGATORIO
A16: - Gastos médicos | B16: 150' EVENTO /300' VIGENCIA | C16: OBLIGATORIO
A17: - Parqueaderos (incluye hurto de vehículos) | B17: 100' EVENTO /1200' VIGENCIA | C17: OBLIGATORIO
A18: - Incendio y/o explosión | C18: 2
A19: - Uso de ascensores y escaleras automáticas | C19: 2
A20: - Grúas, montacargas y equipos similares dentro y fuera de los predios | C20: 4
A21: - Bienes bajo cuidado, tenencia y control (declarados o no). Excluye el daño de dichos bienes. | B21: 1 | C21: OBLIGATORIO
A22: - R.C. del asegurado como consecuencia de los actos causados por vigilantes, personal de seguridad y escoltas, incluyendo el uso de armas de fuego. En exceso de las pólizas de Ley, | C22: 10
A23: - Transporte, cargue y descargue de materiales. | C23: 5
A24: - Actividades sociales, deportivas y culturales | C24: 5
A25: - Responsabilidad Civil cruzada. En exceso de las pòlizas dee los contratistas | B25: 1 | C25: OBLIGATORIO
A26: Polución Contaminación súbita, accidental e imprevista (excluye la contaminación paulatina) | C26: 5
A27: - Costos y Gastos de Defensa para procesos penales, civiles y administrativos | B27: 20% Evento/Vigencia | C27: 30
A28: - R.C. Por transporte de bienes, incluyendo materiales azarosos. Lo necesario y requerido por la Entidad | C28: 5
A29: - Propietarios, arrendatarios y poseedores | B29: 1 | C29: OBLIGATORIO
A30: - Responsabilidad Civil equipos de perforación de pozos de agua y escaleras | C30: 5
A31: - Predios en arrendamiento | C31: 5
A32: Propiedades adyacentes (en exceso de la póliza todo riesgo contratista) | C32: 5
A33: - Amparo de culpa grave | C33: 30
A34: - Errores u omisiones | C34: 5
A35: - Rotura de Tuberías, tanques, bocatomas y/o desbordamiento de las aguas contenidas en los mismos. | C35: 5
A36: - Viajes de funcionarios en el territorio nacional. excluye RC profesional | C36: 5
A37: - Participación del asegurado en ferias y exposiciones nacionales y eventos relacionados con su objeto social. | C37: 6
A38: - Posesión, uso y mantenimiento de depósitos, tanques y tuberías, ubicados o instalados dentro o fuera de los predios del asegurado. | C38: 5
A39: - Gastos de defensa por cualquier demanda civil, penal y administrativa entablada contra el asegurado, en razón de reclamos producidos en desarrollo de las actividades relacionadas con la entidad, aún cuando dicha demanda fuera infundada falsa o fraudulenta. | B39: 200000000 | C39: OBLIGATORIO
A40: - Gastos adicionales por la presentación de fianzas. | B40: $20.000.000= Evento / Vigencia | C40: 5
A41: - Gastos adicionales por condena en costas e interés de mora acumulados a cargo del asegurado, desde cuando la sentencia se declare en firme hasta cuando la compañía haya pagado o consignado en el juzgado su participación de tales gastos. | C41: 10
A42: - Gastos adicionales y razonables en que haya incurrido el asegurado, en relación con los gastos razonables de los reclamos amparados, siempre y cuando haya mediado autorización previa de la compañía en adición a las sumas que ésta pague a los damnificados como consecuencia de la responsabilidad civil extracontractual en que incurra el asegurado. | C42: 20
A43: Nota 1: Para efecto de los daños, lesiones o muerte que puedan sercausados como consecuencia de la operación de los equipos y bienes, los empleados serán considerados como terceros. | C43: 20
A44: Nota 2: Se cubre la responsabilidad civil contractual derivada de la operación de los equipos y bienes que ocasionen daños a los bienes o personas relacionadas contractualmente con la empresa. | C44: 20
A45: Nota 3: Los usuarios, visitantes o asistentes a diferentes eventos en las instalaciones de Empocaldas y a otros sitios de interes del asegurado, serán considerados como terceros en la póliza. | C45: OBLIGATORIO
A46: TOTAL | C46: =SUM(C6:C45) -> 400
A47: CONDICIONES PARTICULARES | C47: PUNTOS
A49: - 3.1. Condiciones técnicas y económicas de los reaseguradores | C49: 2
A50: - 3.2. Nombramiento de ajustador | C50: 2
A51: - 3.3. Bienes bajo cuidado, tenencia y control. Excluye el daño de dichos bienes | C51: 10
A52: - 3.8. Restablecimiento automático del valor asegurado por pago de siniestro. Mínimo una vez con cobro de prima | C52: 5
A53: - 3.12. Revocación o no renovación de la póliza 180 días | C53: 10
A54: - 3.15. Arbitramento | C54: 5
A55: - 3.16. Aviso de siniestro 180 días. | C55: 10
A56: - 3.17. Conocimiento del riesgo | C56: 5
A57: - 3.26. Uso de armas de fuego y errores de puntería | C57: 5
A58: - 3.27. Uso de cafeterías, restaurantes, casinos y bares. Avisos y Vallas | C58: 5
A59: - 3.28. Actividades sociales y deportivas | C59: 5
A60: - 3.29. Amparo automático para predios y nuevas operaciones, con cobro de prima 180 días | C60: OBLIGATORIO
A61: - 3.30. Cobertura para vehículos propios y no propios | B61: Ver límite amparo | C61: 5
A62: - 3.31. Transporte de materias primas y materiales azarosos | C62: 15
A63: - 3.33. Extensión del sitio o sitios en donde se asegura el riesgo | C63: 10
A64: - 3.39. Cobertura para elevadores y/o equipos de perforación de pozos de agua | C64: 10
A65: - 3.48. Conocimiento de la póliza por las coaseguradoras | C65: 5
A66: - 3.84. Gastos de defensa, cauciones y costas procesales. | C66: 10
A67: - 3.22 Acuerdo para ajuste en caso de siniestros | C67: 8
A68: - 3.34 Manejo de siniestros | C68: 10
A69: - 3.35 Opción de amparos | C69: 15
A70: - 3.112 Cobertura de transporte de bienes. | C70: 18
A71: Nota importante | C71: OBLIGATORIO
A72: Dada la exposición al riesgo de Responsabilidad de los Asegurados, es absolutamente necesario que el alcance de esta cobertura se extienda a amparar los riesgos que detallamos a continuación:
A73: Aclaración cobertura de Responsabilidad civil Extracontractual: Queda entendido que la presente póliza ampara la responsabilidad civil derivada de los perjuicios patrimoniales y/o extrapatrimoniales, así como el Lucro cesante ocasionados en el desarrollo de las actividades propias del asegurado, de las complementarias a dichas actividades, de las especiales que desarrolle aún sin conexión directa con su función principal, así como de todas aquellas que sean necesarias dentro del giro normal de sus negocios, aún cuando tales actividades sean prestadas por personas naturales o jurídicas en quienes el asegurado hubiese encargado o delegado el desarrollo o control o vigilancia de las mismas.
A74: Información adicional
A75: - Ingresos presupuestados 2025
A76: - Valor de la Nómina mensual $
A77: - Número de empleados directos:
A78: - Número de empleados indirectos:
A79: Tiempo ofertado para el pago de la indemnización una vez documentado el siniestro: Se otorgan los puntos al menor numero de días ofertados | C79: 30
A80: TOTAL | C80: =SUM(C49:C79) -> 200
A81: DEDUCIBLES | C81: PUNTOS
A82: Nota aclaratoria: Solo se tendrán en cuenta los deducibles expresados sobre el valor de la pérdida o sin deducible, tal y como se detallan a continuación. Cualquier otra alternativa distinta a la solicitada que desmejore las condiciones propuestas, tendrá cero (0) puntos para ese deducible.
A83: - Parqueaderos | B83: Sin aplicación de deducible | C83: 150
A84: - Demás evento | B84: Sin aplicación de deducible | C84: OBLIGATORIO
A85: - Gastos médicos: | B85: Sin aplicación de deducible | C85: 150
A86: TOTAL | C86: 300
A87: PRIMA CON IVA | C87: PUNTOS
C88: 87.5
A89: Valor | C89: =SUM(C88) -> 87.5
A90: VINCULACIÓN DE PERSONAL EN CONDICIÓN DE DISCAPACIDAD | C90: PUNTOS
C91: 10
A92: Valor | C92: =SUM(C91) -> 10
A93: EMPRENDIMIENTO DE MUJERES | C93: PUNTOS
C94: 2.5
A95: Valor | C95: =SUM(C94) -> 2.5
A96: TOTAL | C96: =+C95+C92+C89+C86+C80+C46 -> 1000

Sheet AUTOMOVILES
A1: AUTOMOVILES - COLECTIVA | B1: VALOR | C1: PUNTOS
B2: ASEGURADO
A3: Vehículos de propiedad del IBAL | B3: =+'RELACIÓN AUTOMOVILES Y SOAT'!D16 -> 1486700000 | C3: OBLIGATORIO
A4: Nota: La compañía de seguros favorecida acepta expedir la poliza dando continuidad y no exigirá inspección de los vehículos, según relación anexa | C4: OBLIGATORIO
A5: AMPAROS | C5: PUNTOS
A6: - Responsabilidad Civil Extracontractual: | C6: OBLIGATORIO
A7: $ 1.100.000.000/1.100.000.000/2.200.000.000=
A8: - Pérdida total daños | C8: OBLIGATORIO
A9: - Pérdida parcial daños | C9: OBLIGATORIO
A10: - Pérdida total y parcial por Hurto y Hurto calificado. | C10: OBLIGATORIO
A11: - Terremoto | C11: OBLIGATORIO
A12: - Amparo patrimonial | C12: OBLIGATORIO
A13: - Asistencia jurídica en proceso penal | C13: OBLIGATORIO
A14: - Asistencia jurídica en proceso civil y administrativos | C14: 30
A15: - Asistencia en viajes para todos los vehículos | C15: 30
A16: - Gastos de transportes por pérdida total daños (65 días) por vehículo | B16: 50.000 diarios | C16: 40
A17: - Gastos de transportes por pérdida total hurto (65 días) por vehículo | B17: 50.000 diarios | C17: 40
A18: - Incremento en los costos de operación para los vehículos pesados por 60 días a 100.000 por día | C18: 60
A19: Gastos demostrables en que incurra el asegurado en caso de siniestro para solicitar la devolución del vehículo ante el tránsito y autoridades competentes, tales como: parqueaderos, grúas, trámites de traspaso en pérdidas totales y todos aquellos gastos necesarios hasta por un valor asegurado por vehículo de $2'000.000 | B19: 2000000 EVENTO / 6.000.000 VIGENCIA | C19: 200
A20: TOTAL | C20: =SUM(C6:C19) -> 400
A21: CONDICIONES PARTICULARES | C21: PUNTOS
A22: (Ver texto de cada cláusula en el Capítulo V - Pliego de Condiciones)
A23: Amparo automático para nuevos vehículos 180 días. | B23: 400.000.000 livianos - 700.000.000 pesados | C23: 10
A24: Amparo automático para accesorios hasta 180 días | B24: 30 % cada riesgo | C24: 10
A25: Revocación o no renovación de la póliza 180 días, EXCEPTO PARA HAMCCoP, AMIT y Terrorismo 10 días | C25: 10
A26: Primera opción de compra del vehículo recuperado | C26: 10
A27: Restablecimiento automático del valor asegurado por pago de siniestros, con cobro de prima adicional | C27: 10
A28: AUTORIZACIÓN AUTOMÁTICA DE REPARACIONES EN CASO DE SINIESTRO EN CONCESIONARIOS ESPECIALIZADOS Y AUTORIZADOS SEGÚN MARCA DEL VEHÍCULO AFECTADO Y PARA MODELOS SUPERIORES A 2018 | C28: OBLIGATORIO
A29: Nombramiento de ajustador de común acuerdo | C29: 5
A30: Salvamentos | C30: 5
A31: Autorizaciones | C31: 5
A32: Cláusula de arbitramento | C32: 10
A33: Ampliación de aviso de siniestro 180 días | C33: OBLIGATORIO
A34: Anticipo pago siniestros 80% | C34: OBLIGATORIO
A35: Opción de amparos | C35: 5
A36: Reparaciones provisionales | C36: 5
A37: Conocimiento de las pólizas por las coaseguradoras | C37: 5
A38: NO INSPECCIÓN DE VEHICULOS NUEVOS, NI PARA LOS ACTUALMENTE ASEGURADOS, PARA VEHÍCULOS USADOS SE OTORGAN 75 DÍAS DE COBERTURA PARÁ LA INSPECCIÓN. | C38: 40
A39: Transporte de materias primas y transportes y productos azarosos. (cloro, amonio y alcohol) | C39: 10
A40: Sustitución provisional del vehículo. Segùn condiciones de la aseguradora | C40: 10
A41: Extensión de Responsabilidad Civil para vehículos alquilados o arrendados a terceros. Según condiciones de la aseguradora | C41: 10
A42: Para efectos del amparo patrimonial, se entiende como conductor cualquier empleado al servicio del asegurado | C42: 10
A43: Tiempo ofertado para el pago de la indemnización una vez documentado el siniestro: Se otorgan los puntos al menor numero de días ofertados | C43: 30
A44: Aclaración cobertura de Responsabilidad civil Extracontractual
A45: Queda entendido que la presente póliza ampara la responsabilidad civil derivada de los perjuicios patrimoniales y/o extrapatrimoniales, así como el Lucro cesante ocasionados en el desarrollo de las actividades propias del asegurado, de las complementarias a dichas actividades, de las especiales que desarrolle aún sin conexión directa con su función principal, así como de todas aquellas que sean necesarias dentro del giro normal de sus negocios, aún cuando tales actividades sean prestadas por personas naturales o jurídicas en quienes el asegurado hubiese encargado o delegado el desarrollo o control o vigilancia de las mismas. | C45: OBLIGATORIO
A46: TOTAL | C46: =SUM(C23:C45) -> 200
A47: DEDUCIBLES | C47: PUNTOS
A48: Todo y cada evento | B48: No aplicación de deducible | C48: OBLIGATORIO
A49: TOTAL | C49: 300
A50: PRIMA CON IVA | C50: PUNTOS
C51: 87.5
A52: Valor | C52: =SUM(C51) -> 87.5
A53: VINCULACIÓN DE PERSONAL EN CONDICIÓN DE DISCAPACIDAD | C53: PUNTOS
C54: 10
A55: Valor | C55: =SUM(C54) -> 10
A56: EMPRENDIMIENTO DE MUJERES | C56: PUNTOS
C57: 2.5
A58: Valor | C58: =SUM(C57) -> 2.5
A59: TOTAL | C59: =+C58+C55+C52+C49+C46+C20 -> 1000

Sheet RC SP
A1: RESPONSABILIDAD CIVIL | B1: VALOR | C1: PUNTOS
A2: SERVIDORES PUBLICOS | B2: ASEGURADO
A3: OBJETO DEL SEGURO: | C3: OBLIGATORIO
A4: Amparar bajo las condiciones de la póliza de Servidores Públicos los perjuicios causados a terceros y/o a la Entidad, a consecuencia de acciones o actos imputables a uno o varios funcionarios que desempeñen los cargos aquí asegurados, así como por perjuicios por Responsabilidad Fiscal y Gastos de Defensa en que incurran los directivos para su defensa. “La presente póliza opera bajo la modalidad de cobertura por reclamación o "claims made" de conformidad con la Ley 387 de 1997. La cobertura de la póliza aplica a: (i) reclamaciones o investigaciones notificadas a los funcionarios asegurado por primera vez durante la vigencia de la póliza; y/o (ii) circunstancias por las que los funcionarios asegurados tengan conocimiento por primera vez durante la vigencia de la póliza, de investigaciones iniciadas o que estarán siendo iniciadas en su contra. La cobertura se circunscribe a hechos que hayan ocurrido dentro del período de retroactividad de la póliza. Todas las reclamaciones o investigaciones subsiguientes relacionadas con la primera notificación e informada a la Aseguradora, se considerarán cubiertas por la póliza vigente en el momento de la primera notificación. Por esto mismo, las reclamaciones, investigaciones o circunstancias ya notificadas quedan excluidas de todas las vigencias posteriores.” Los hallazgos o circunstancias en averiguación que no individualicen ningún funcionario o cargo asegurado no se considerarán, para efectos de la póliza, como hechos conocidos que puedan dar lugar a una reclamación aplicable bajo el presente seguro sino hasta el momento que sea vinculado el funcionario(s) formalmente a alguna investigación o indagación preliminar. En consecuencia, en caso de que estos hechos se materialicen posteriormente en una reclamación, no se consideraran hechos excluidos aun cuando no hubiesen sido reportados a la aseguradora. Así mismo queda expresamente acordado y convenido que la aseguradora acepta bajo los mismos términos, las condiciones del sistema de cobertura aquí definidas y en caso de existencia de textos, cláusulas o condiciones contenidas en la propuesta o indicadas en el ejemplar de las condiciones generales de la póliza u otro documento, en contradicción con lo dispuesto en esta cláusula, se entenderán por no escritas. Definición de Evento: Se entiende por evento toda circunstancia que pueda derivar en una o varias reclamaciones o procesos, aun cuando sean adelantados por autoridades distintas, siempre que provengan de una misma causa y aun cuando estén involucrados varios funcionarios asegurados. Para efectos de determinar la cobertura bajo la póliza, de acuerdo con la Modalidad de Cobertura aquí definida, queda entendido y acordado que todas las investigaciones y procesos que surjan con posterioridad a dicha notificación efectuada por primera vez, deberán ser atendidas por la misma póliza que conoció de aquella primera reclamación debidamente notificada durante la vigencia de la póliza.
A6: Opción Básica Limite Global 1 | B6: 600000000 | C6: OBLIGATORIO
A7: Opción 2 | B7: Se otorgaran 200 adicionales a quien otorgue el mayor limite asegurado adicional al obligatorio. Los demas en forma proporcional. | C7: 200
A8: AMPAROS | C8: PUNTOS
A9: - Cobertura para Directores y Administradores | C9: OBLIGATORIO
A10: - Responsabilidad de la Empresa (Obtendrá la máxima calificación quien otorgue las mejores condiciones en éste item, los demás en forma proporcional) | C10: 10
A11: - Reembolso a la sociedad | C11: 2
A12: - Reclamos contra conyuges, los herederos o representantes por fallecimiento o por insolvencia | C12: 2
A13: - Nuevas subordinadas | C13: 3
A14: - Costos judiciales y gastos de defensa | C14: OBLIGATORIO
A15: - Acciones u omisiones involuntarias. | C15: 2
A16: - Reclamos en materia laboral | C16: 2
A17: - Gastos de publicidad | C17: 5
A18: - Gastos de defensa por contaminación | C18: 10
A19: - Perjuicio financiero por contaminación | C19: 6
A20: - Sociedades sin ánimo de lucro | C20: 3
A21: - Sociedades participadas | C21: 3
A22: - Manejo de crisis | C22: 3
A23: - Se amparan las reclamaciones provenientes directa o indirectamente de la contraloría general o de cualquier otra entidad y organismo de control del estado y/o de carácter público. | C23: 3
A24: - La póliza funciona bajo el sistema de aseguramiento base de reclamación Claims Made | C24: 3
A25: - Se amparan las reclamaciones provenientes directa o indirectamente de la contraloria general o de cualquier otro organismo de control del estado o de caracter publico. | C25: 3
A26: NOTA: Dada la naturaleza jurídica de la empresa, es absolutamente necesario que este seguro incluya cobertura para juicios de responsabilidad fiscal, de lo contrario, la propuesta no será considerada. | C26: OBLIGATORIO
A27: Sublímites
A28: Costos judiciales y gastos de defensa incluida investigaciones preliminares:
A29: Cotizar las siguientes opciones de límites:
A30: Opción 1. $35.000.000 evento persona = por persona $70.000.000 vigencia persona = 140.000.000 evento y $250.000.000= por vigencia | C30: OBLIGATORIO
A31: Se otorgará el mayor puntaje al proponente que mejore por encima, las condiciones obligatorias para este ítem. | C31: 140
A32: NOTA: Conforme a la cotización presentada, La Aseguradora se obliga al pago de los honorarios del abogado seleccionado por el servidor público o ex servidor público investigado, en dos cuotas: Un 50% al inicio del proceso y el 50% restante a la finalización o archivo del proceso; sin importar en que etapa se termina el mismo. | C32: OBLIGATORIO
A33: TOTAL | C33: =SUM(C3:C32) -> 400
A34: CONDICIONES PARTUCULARES | C34: PUNTOS
A36: 3.85.Cobertura para gastos de defensa de la sociedad tomadora y/o subordinada. (siempre que dentro del proceso se encuentre vinculado un funcionario en un cargo asegurado) | C36: 5
A37: 3.86. Abogados | C37: 5
A38: 3.87. Gastos de defensa en reclamaciones extrajudiciales | C38: 5
A39: 3.88. Gastos de defensa en procesos penales y Administrativos | C39: 5
A40: - Asistencia y honorarios jurídicos para conciliaciones, según requisito Ley 640 ante la Procuraduría, | C40: 10
A41: 3.89. Multas o sanciones administrativas | C41: 5
A42: 3.90. Amparo de Culpa Grave | C42: OBLIGATORIO
A43: 3.91. Contratistas y subcontratistas | C43: 10
A44: 3.92. Reclamaciones de tipo laboral entre asegurados | C44: 10
A45: 3.93. Definición de asegurados | C45: OBLIGATORIO
A46: 3.94. Formulario de solicitud | C46: 5
A47: 3.95. Cobertura para juicios de Responsabilidad Civil Fiscal | C47: OBLIGATORIO
A48: 3.96. Fecha de retroactividad Ilimitada | C48: OBLIGATORIO
A49: 3.1. Condiciones técnicas y económicas de los reaseguradores. | C49: 10
A50: 3.12 Revocación o no renovación de la póliza con aviso de 90 días. | C50: 10
A51: 3.34. Manejo de siniestros. | C51: 10
A52: 3.48. Conocimientos de las pólizas por las coaseguradoras. | C52: 10
A53: 3.97. Cláusula de no control de reclamos. | C53: 10
A54: - 3.16. Aviso de siniestro 90 días. | C54: OBLIGATORIO
A55: - 3.15. Arbitramento | C55: 10
A56: 3.115. Divisibilidad de las exclusiones | C56: 10
A57: 3.116. Liquidación de la sociedad tomadora | C57: 5
A58: 3.117 Amparo para Liquidadores | C58: 5
A59: 3.118. Periodo informativo | C59: 5
A60: 3.2 Nombramiento del ajustador | C60: 5
A61: - 3.8. Restablecimiento automático del valor asegurado por pago de siniestro. Mínimo una vez con cobro de prima | C61: 10
A62: - Reclamaciones resultantes de la falla en el mantanimiento o la contratación de seguros | C62: 5
A63: - La póliza se extiende a cubrir los Directores y administradores pasados, presentes y futuros | C63: 5
A64: - Perdida fiscal o detrimento patrimonial | C64: OBLIGATORIO
A65: Tiempo ofertado para el pago de la indemnización una vez documentado el siniestro: Se otorgan los puntos al menor numero de días ofertados | C65: 30
A66: TOTAL | C66: =SUM(C36:C65) -> 200
A67: DEDUCIBLES | C67: PUNTOS
A68: Nota aclaratoria: Solo se tendrán en cuenta los deducibles expresados sobre el valor de la pérdida o sin deducible, tal y como se detallan a continuación. Cualquier otra alternativa distinta a la solicitada que desmejore las condiciones propuestas, tendrá cero (0) puntos para ese deducible.
A69: - Pérdida fiscal y/o detrimento patrimonial | B69: Sin deducible | C69: 150
A70: - Demás eventos: | B70: Sin deducible | C70: 150
A71: TOTAL | C71: =SUM(C67:C70) -> 300
A72: PRIMA CON IVA | C72: PUNTOS
C73: 87.5
A74: Valor | C74: =SUM(C73) -> 87.5
A75: VINCULACIÓN DE PERSONAL EN CONDICIÓN DE DISCAPACIDAD | C75: PUNTOS
C76: 10
A77: Valor | C77: =SUM(C76) -> 10
A78: EMPRENDIMIENTO DE MUJERES | C78: PUNTOS
C79: 2.5
A80: Valor | C80: =SUM(C79) -> 2.5
A81: TOTAL | C81: =+C80+C77+C74+C71+C66+C33 -> 1000

Sheet VIDA GRUPO
A1: VIDA GRUPO | B1: VALOR | C1: PUNTOS
B2: ASEGURADO TOTAL
A3: OBJETO: Amparar contra el riesgo de muerte por cualquier causa a los funcionarios del IBAL S.A. E.S.P. OFICIAL. (Incluyendo cobertura de Covid-19, suicidio y homicidio, • terrorismo como sujeto pasivo). | B3: =+B6*B4 -> 21352500000 | C3: OBLIGATORIO
A4: Total número Empleados: | B4: 500
A5: AMPAROS | B5: VALORES ASEGURADOS POR CADA ASEGURADO | C5: PUNTOS
A6: - Vida | B6: =+'POLIZA VIDA GRUPO'!C4 -> 42705000 | C6: OBLIGATORIO
A7: - Desmebración y/o perdida funcional | B7: =+'POLIZA VIDA GRUPO'!C5 -> 42705000 | C7: OBLIGATORIO
A8: - Incapacidad total y permanente y desmembración | B8: =+'POLIZA VIDA GRUPO'!C5 -> 42705000 | C8: OBLIGATORIO
A9: - Gastos funerarios, adicionales y reembolsables no descontables del amparo básico | B9: =+'POLIZA VIDA GRUPO'!C8 -> 5000000 | C9: OBLIGATORIO
A10: - Enfermedades graves (anticipo) | B10: =+B8/2 -> 21352500 | C10: OBLIGATORIO
A11: - Renta diaria por hospitalización | B11: =+'POLIZA VIDA GRUPO'!C9 -> 50.000 X 30 DIAS | C11: OBLIGATORIO
A12: - Renta diaria adicional por internación en UCI | B12: =+B11 -> 50.000 X 30 DIAS | C12: OBLIGATORIO
A13: - Gastos médicos por accidente | B13: 5000000 | C13: OBLIGATORIO
A14: - Doble indemnización por muerte accidental | B14: =+B7 -> 42705000 | C14: 400
A15: TOTAL | C15: =SUM(C6:C14) -> 400
A16: CONDICIONES PARTICULARES | C16: PUNTOS
A18: - 3.1. Condiciones técnicas y económicas de los reaseguradores | C18: 15
A19: 3.12. Revocación o no renovación de la póliza 90 días. | C19: 5
A20: - 3.49. Error en la declaración de la edad | C20: 20
A21: - 3.43. Cláusula de amparo automático | C21: 20
A22: - 3.50. Cláusula de anticipo 50%. Una vez demostrado el evento. | C22: 15
A23: - Clausula de Extension o continuidad | C23: 20
A24: - 3.48. Conocimiento de la póliza por las coaseguradoras | C24: 15
A25: - 3.55. Amparo automático para nuevos asegurados. Sujeto a declaración de asegurabilidad | C25: 20
A26: - 3.56. Revocación, únicamente para los amparos adicionales | C26: 15
A27: - 3.114 Definición de salario para efectos de la indeminzación | C27: 15
A28: - Modificaciones en beneficio del asegurado | C28: 5
A29: - Incontestabilidad y conversión | C29: 10
A30: ´- Errores e Inexactitudes. | C30: 5
A31: Nota
A32: El anexo de doble indemnización por muerte accidental debe incluir los eventos tales como atraco, secuestro y homicidio./ Se ampara el suicidio desde el inicio de vigencia de la póliza. | C32: 20
A33: TOTAL | C33: =SUM(C18:C32) -> 200
A34: DEDUCIBLE | C34: PUNTOS
A35: Nota aclaratoria: Teniendo en cuenta que la póliza no contempla la aplicación de deducible, se neutralizará el puntaje asignando los 300 puntos a todos los proponentes | C35: 300
A36: PRIMA CON IVA | C36: PUNTOS
C37: 87.5
A38: Valor | C38: =SUM(C37) -> 87.5
A39: VINCULACIÓN DE PERSONAL EN CONDICIÓN DE DISCAPACIDAD | C39: PUNTOS
C40: 10
A41: Valor | C41: =SUM(C40) -> 10
A42: EMPRENDIMIENTO DE MUJERES | C42: PUNTOS
C43: 2.5
A44: Valor | C44: =SUM(C43) -> 2.5
A45: TOTAL | C45: =+C44+C41+C38+C35+C33+C15 -> 1000

Sheet CALCULO PRECIO 2026
A1: PÓLIZAS Y VALORES REQUERIDOS | C1: TASAS | I1: PRESUPUESTO
A2: RAMO | B2: VALOR ASEGURADO REQUERIDO | C2: TIPO DE TASA | D2: AÑOS 2023 | E2: AÑO 2024 | F2: AÑOS 2025 | G2: TASA PROMEDIO | H2: TASA ACTUALIZADA INFLACIÓN | I2: PRIME NETA | J2: IVA | K2: PRIMA TOTAL
A3: TODO RIESGO DAÑOS MATERIALES COMBINADOS | B3: =+TRDM!B36+TRDM!B38+TRDM!B40+TRDM!B41+TRDM!B42+TRDM!B43+TRDM!B44+TRDM!B45 -> 3.534865e+11 | C3: 0/00 | D3: 0.0304 | E3: 0.03141 | F3: 0.029602 | G3: =+(D3+E3+F3)/3 -> 0.030470667 | H3: =+G3*(1+$B$12) -> 0.032250154 | I3: =+B3*H3/10 -> 1.1399994e+09 | J3: =+I3*19% -> 2.1659989e+08 | K3: =+I3+J3 -> 1.3565993e+09
A4: TODO RIESGO MAQUINARIA Y EQUIPO | B4: =+'TRDM M Y E'!B5+'TRDM M Y E'!B6 -> 5.9434545e+09 | C4: 0/00 | D4: 0.045 | E4: 0.052 | F4: 0.0489 | G4: =+(D4+E4+F4)/3 -> 0.048633333 | H4: =+G4*(1+$B$12) -> 0.05147352 | I4: =+B4*H4/10 -> 30593052 | J4: =+I4*19% -> 5812680 | K4: =+I4+J4 -> 36405732
A5: MANEJO GLOBAL | B5: =+MANEJO!B4 -> 500000000 | C5: 0/0 | D5: 0.063 | E5: 0.072 | F5: 0.058 | G5: =+(D5+E5+F5)/3 -> 0.064333333 | H5: =+G5*(1+$B$12) -> 0.0680904 | I5: =+B5*H5 -> 34045200 | J5: =+I5*19% -> 6468588 | K5: =+I5+J5 -> 40513788
A6: RESPONSIBILIDAD CIVIL EXTRACONTRACTUAL | B6: =+RCE!B5 -> 1200000000 | C6: 0/0 | D6: 0.017 | E6: 0.018 | F6: 0.015 | G6: =+(D6+E6+F6)/3 -> 0.016666667 | H6: =+G6*(1+$B$12) -> 0.01764 | I6: =+B6*H6 -> 21168000 | J6: =+I6*19% -> 4021920 | K6: =+I6+J6 -> 25189920
A7: AUTOS COLECTIVOS | B7: =+AUTOMOVILES!B3 -> 1486700000 | C7: 0/0 | D7: 0.0597 | E7: 0.065 | F7: 0.063 | G7: =+(D7+E7+F7)/3 -> 0.062566667 | H7: =+G7*(1+$B$12) -> 0.06622056 | I7: =+B7*H7 -> 98450107 | J7: =+I7*19% -> 18705520 | K7: =+I7+J7 -> 1.1715563e+08
A8: RESPONSABILIDAD CIVIL SERVIDORES PÚBLICOS | B8: =+'RC SP'!B6 -> 600000000 | C8: 0/0 | D8: 0.11 | E8: 0.11 | F8: 0.09 | G8: =+(D8+E8+F8)/3 -> 0.10333333 | H8: =+G8*(1+$B$12) -> 0.109368 | I8: =+B8*H8 -> 65620800 | J8: =+I8*19% -> 12467952 | K8: =+I8+J8 -> 78088752
A9: VIDA GRUPO | B9: =+'VIDA GRUPO'!B3 -> 21352500000 | C9: 0/00 | D9: 0.12197 | E9: 0.17 | F9: 0.1183 | G9: =+(D9+E9+F9)/3 -> 0.13675667 | H9: =+G9*(1+$B$12) -> 0.14474326 | I9: =+B9*H9/10 -> 3.0906304e+08 | J9: 0 | K9: =+I9+J9 -> 3.0906304e+08
A10: SOAT | B10: LOS DE LEY | K10: 17000000
A11: TOTAL | I11: =SUM(I3:I9) -> 1.6989396e+09 | J11: =SUM(J3:J9) -> 2.6407655e+08 | K11: =SUM(K3:K10) -> 1.9800161e+09
A12: INFLACIÓN ANUAL AMAYO 2026 | B12: 0.0584
A15: 2025
A16: PÓLIZAS Y VALORES REQUERIDOS | C16: TASAS | F16: PRESUPUESTO
A17: RAMO | B17: VALOR ASEGURADO REQUERIDO | C17: TIPO DE TASA | D17: AÑOS 2025 | F17: PRIMA NETA | H17: IVA | I17: PRIMA TOTAL
A18: TODO RIESGO DAÑOS MATERIALES COMBINADOS | B18: 307983672092 | C18: 0/00 | D18: 0.029602 | F18: =+B18*D18/10 -> 9.1169327e+08 | H18: =+F18*19% -> 1.7322172e+08 | I18: =+F18+H18 -> 1.084915e+09
A19: TODO RIESGO MAQUINARIA Y EQUIPO | B19: 5660432864 | C19: 0/00 | D19: 0.0489 | E19: 0.0489 | F19: =+B19*D19/10 -> 27679517 | H19: =+F19*19% -> 5259108.2 | I19: =+F19+H19 -> 32938625
A20: MANEJO GLOBAL | B20: 500000000 | C20: 0/0 | D20: 0.058 | E20: 0.058 | F20: =+B20*D20 -> 29000000 | H20: =+F20*19% -> 5510000 | I20: =+F20+H20 -> 34510000
A21: RESPONSIBILIDAD CIVIL EXTRACONTRACTUAL | B21: 1000000000 | C21: 0/0 | D21: 0.015 | E21: 0.015 | F21: =+B21*D21 -> 15000000 | H21: =+F21*19% -> 2850000 | I21: =+F21+H21 -> 17850000
A22: AUTOS COLECTIVOS | B22: 1371800000 | C22: 0/0 | D22: 0.063 | E22: 0.063 | F22: =+B22*D22 -> 86423400 | H22: =+F22*19% -> 16420446 | I22: =+F22+H22 -> 102843846
A23: RESPONSABILIDAD CIVIL SERVIDORES PÚBLICOS | B23: 500000000 | C23: 0/0 | D23: 0.09 | E23: 0.09 | F23: =+B23*D23 -> 45000000 | H23: =+F23*19% -> 8550000 | I23: =+F23+H23 -> 53550000
A24: VIDA GRUPO | B24: 21352500000 | C24: 0/00 | D24: 0.11826 | E24: 0.11826 | F24: =+B24*D24/10 -> 252514665 | H24: 0 | I24: =+F24+H24 -> 252514665
A25: TOTAL | I25: =SUM(I18:I24) -> 1.5791221e+09
A27: 2024
A28: PÓLIZAS Y VALORES REQUERIDOS | C28: TASAS | F28: PRESUPUESTO
A29: RAMO | B29: VALOR ASEGURADO REQUERIDO | C29: TIPO DE TASA | D29: AÑOS 2025 | F29: PRIMA NETA | H29: IVA | I29: PRIMA TOTAL
A30: TODO RIESGO DAÑOS MATERIALES COMBINADOS | B30: 257156620433 | C30: 0/00 | D30: 0.031407264 | F30: =+B30*D30/10 -> 8.0765859e+08 | H30: =+F30*19% -> 1.5345513e+08 | I30: =+F30+H30+6 -> 9.6111372e+08
A31: TODO RIESGO MAQUINARIA Y EQUIPO | B31: 5660432864 | C31: 0/00 | D31: 0.052 | F31: =+B31*D31/10 -> 29434251 | H31: =+F31*19% -> 5592507.7 | I31: =+F31+H31 -> 35026759
A32: MANEJO GLOBAL | B32: 500000000 | C32: 0/0 | D32: 0.072 | E32: 0.072 | F32: =+B32*D32 -> 36000000 | H32: =+F32*19% -> 6840000 | I32: =+F32+H32 -> 42840000
A33: RESPONSIBILIDAD CIVIL EXTRACONTRACTUAL | B33: 1000000000 | C33: 0/0 | D33: 0.018 | E33: 0.018 | F33: =+B33*D33 -> 18000000 | H33: =+F33*19% -> 3420000 | I33: =+F33+H33 -> 21420000
A34: AUTOS COLECTIVOS | B34: 1398500000 | C34: 0/0 | D34: 0.065 | E34: 0.065 | F34: =+B34*D34 -> 90902500 | H34: =+F34*19% -> 17271475 | I34: =+F34+H34 -> 108173975
A35: RESPONSABILIDAD CIVIL SERVIDORES PÚBLICOS | B35: 500000000 | C35: 0/0 | D35: 0.11 | E35: 0.11 | F35: =+B35*D35 -> 55000000 | H35: =+F35*19% -> 10450000 | I35: =+F35+H35 -> 65450000
A36: VIDA GRUPO | B36: 20000000000 | C36: 0/00 | D36: 0.17 | E36: 0.17 | F36: =+B36*D36/10 -> 3.4e+08 | H36: 0 | I36: =+F36+H36+155142 -> 3.4015514e+08
A37: SOAT | I37: 16810400
A38: TOTAL | I38: =SUM(I30:I37) -> 1.59099e+09
A40: 2023
A41: PÓLIZAS Y VALORES REQUERIDOS | C41: TASAS | F41: PRESUPUESTO
A42: RAMO | B42: VALOR ASEGURADO REQUERIDO | C42: TIPO DE TASA | D42: AÑOS 2025 | F42: PRIMA NETA | H42: IVA | I42: PRIMA TOTAL | M42: 9.1770644e+08
A43: TODO RIESGO DAÑOS MATERIALES COMBINADOS | B43: 253270018058 | C43: 0/00 | D43: 0.030449 | F43: =+B43*D43/10 -> 7.7118188e+08 | H43: =+F43*19% -> 1.4652456e+08 | I43: =+F43+H43+1033400 -> 9.1873983e+08 | M43: 918739835
A44: TODO RIESGO MAQUINARIA Y EQUIPO | B44: 5660432864 | C44: 0/00 | D44: 0.0451232 | E44: 0.045 | F44: =+B44*D44/10 -> 25541684 | H44: =+F44*19% -> 4852920 | I44: =+F44+H44+60 -> 30394664 | M44: =+M43-M42 -> 1033394.2
A45: MANEJO GLOBAL | B45: 500000000 | C45: 0/0 | D45: 0.063 | E45: 0.063 | F45: =+B45*D45 -> 31500000 | H45: =+F45*19% -> 5985000 | I45: =+F45+H45+102699 -> 37587699
A46: RESPONSIBILIDAD CIVIL EXTRACONTRACTUAL | B46: 1000000000 | C46: 0/0 | D46: 0.017 | E46: 0.017 | F46: =+B46*D46 -> 17000000 | H46: =+F46*19% -> 3230000 | I46: =+F46+H46+55425 -> 20285425 | M46: 1.0052922e+08
A47: AUTOS COLECTIVOS | B47: 1414100000 | C47: 0/0 | D47: 0.05974 | E47: 0.0597 | F47: =+B47*D47 -> 84478334 | H47: =+F47*19% -> 16050883 | I47: =+F47+H47+207927 -> 1.0073714e+08 | M47: 100737144
A48: RESPONSABILIDAD CIVIL SERVIDORES PÚBLICOS | B48: 500000000 | C48: 0/0 | D48: 0.11 | E48: 0.11 | F48: =+B48*D48 -> 55000000 | H48: =+F48*19% -> 10450000 | I48: =+F48+H48+179315 -> 65629315 | M48: =+M47-M46 -> 207926.54
A49: VIDA GRUPO | B49: 16960000000 | C49: 0/00 | D49: 0.12167 | E49: 0.12197 | F49: =+B49*D49/10 -> 206352320 | H49: 0 | I49: =+F49+H49+565349 -> 206917669 | M49: 206352320
A50: SOAT | I50: 12898000 | M50: 206917669
A51: TOTAL | I51: =SUM(I43:I50)-1 -> 1.3931898e+09 | M51: =+M50-M49 -> 565349

Sheet RELACIÓN BS TRDM
B2: TODO RIESGOS DAÑOS MATERIALES | D2: IPC JULIO 2026 | E2: 0.0603
B3: PREDIOS URBANOS
B4: DESCRIPCION | C4: 2025 | D4: 2026
A5: 1 | B5: LA POLA CARRERA 3 No. 1 - 04 | C5: 15755889745 | D5: =+C5*(1+$E$2) -> 1.670597e+10 | G5: 2025 | H5: 2026
A6: 2 | B6: LA POLA CARRERA 3 No. 6-96 | C6: 137588035 | D6: =+C6*(1+$E$2) -> 1.4588459e+08 | F6: EDIFICIOS | G6: =SUM(C5:C18)-C17+(C31+C32+C33)+(SUM(C40:C46)) -> 31179589885 | H6: =SUM(D5:D18)-D17+(D31+D32+D33)+(SUM(D40:D46)) -> 3.3059719e+10
A7: 3 | B7: LA POLA CARRERA 3 CON CALLE 2 | C7: 844320000 | D7: =+C7*(1+$E$2) -> 895232496 | F7: OBRAS CIVILES | G7: =SUM(C34:C38)+C58+C68+C93+C135+C144+C158+G16+G15 -> 234852433107 | H7: =SUM(D34:D38)+D58+D68+D93+D135+D144+D158+H16+H15 -> 2.4901403e+11
A8: 4 | B8: LA POLA CARRERA 4 A No 1N – 09 | C8: 68640000 | D8: =+C8*(1+$E$2) -> 72778992 | F8: OTROS BIENS | G8: =+C176 -> 4.2951649e+10 | H8: =+D176 -> 4.5541634e+10
A9: 5 | B9: BELEN LA AURORA | C9: 284284200 | D9: =+C9*(1+$E$2) -> 3.0142654e+08 | G9: =SUM(G4:G8) -> 3.0898367e+11 | H9: =SUM(H4:H8) -> 3.2761539e+11
A10: 6 | B10: CALLE 15 | C10: 1334554254 | D10: =+C10*(1+$E$2) -> 1.4150279e+09
A11: 7 | B11: INTERLAKEN | C11: 117090000 | D11: =+C11*(1+$E$2) -> 124150527 | F11: OBRAS CIVILES
A12: 8 | B12: CERRO GORDO | C12: 14952600 | D12: =+C12*(1+$E$2) -> 15854242 | F12: BOCATOMAS | G12: =SUM(C34:C38)+C58 -> 7895842372 | H12: =SUM(D34:D38)+D58 -> 8.3719617e+09
A13: 9 | B13: PIEDRAPINTADA LIMONAR | C13: 780019200 | D13: =+C13*(1+$E$2) -> 8.2705436e+08 | F13: ADUCCIONES | G13: =+C68 -> 8432382349 | H13: =+D68 -> 8.940855e+09
A14: 10 | B14: PIEDRAPINTADA LOTE 2ª | C14: 186240240 | D14: =+C14*(1+$E$2) -> 1.9747053e+08 | F14: CONDUCCIONES | G14: =+C93 -> 17731760157 | H14: =+D93 -> 1.8800985e+10
A15: 11 | B15: PIEDRAPINTADA LOTE 3 | C15: 3024192780 | D15: =+C15*(1+$E$2) -> 3.2065516e+09 | F15: TANQUES | G15: =+C17+C23+C24+C118 -> 24547392621 | H15: =+D17+D23+D24+D118 -> 2.60276e+10
A16: 12 | B16: PARCELACION VERGEL | C16: 2827500000 | D16: =+C16*(1+$E$2) -> 2997998250 | F16: PLANTAS | G16: =+C19+C20+C21+C22+C39+C79 -> 61201537783 | H16: =+D19+D20+D21+D22+D39+D79 -> 6.4891991e+10
A17: 13 | B17: TANQUE EL SALADO HACIENDA ALSACIA | C17: 27150000 | D17: =+C17*(1+$E$2) -> 28787145 | F17: REDES Y TUBERIAS | G17: =+C135+C144 -> 44163109254 | H17: =+D135+D144 -> 4.6826145e+10
A18: 14 | B18: PICALEÑA CALLE 125 | C18: 557159350 | D18: =+C18*(1+$E$2) -> 5.9075606e+08 | F18: ALCANTARILLADO | G18: =+C158 -> 70880408571 | H18: =+D158 -> 7.5154497e+10
A19: 15 | B19: PLANTA COMFENALCO | C19: 835920000 | D19: =+C19*(1+$E$2) -> 886325976 | G19: =SUM(G12:G18) -> 234852433107 | H19: =SUM(H12:H18) -> 2.4901403e+11
A20: 16 | B20: PLANTA LAS AMERICAS | C20: 1635720000 | D20: =+C20*(1+$E$2) -> 1734353916
A21: 17 | B21: PLANTA ARBOLEDA CAMPESTRE PTAR | C21: 6862469216 | D21: =+C21*(1+$E$2) -> 7.2762761e+09
A22: 18 | B22: PLANTA ARBOLEDA CAMPESTRE PTAP | C22: 1037844144 | D22: =+C22*(1+$E$2) -> 1.1004261e+09
A23: 19 | B23: TANQUE CALLE 29 | C23: 849612000 | D23: =+C23*(1+$E$2) -> 9.008436e+08
A24: 20 | B24: TANQUE CALLE 30 | C24: 585396000 | D24: =+C24*(1+$E$2) -> 6.2069538e+08
B25: TOTAL PREDIOS URBANOS | C25: =SUM(C5:C24) -> 37766541764 | D25: =SUM(D5:D24) -> 4.0043864e+10
B28: TODO RIESGOS DAÑOS MATERIALES
B29: PREDIOS RURALES
B30: DESCRIPCION | C30: 2025 | D30: 2026
B31: HACIENDA EL PALMAR PROP 50% | C31: 2105650700 | D31: =+C31*(1+$E$2) -> 2.2326214e+09
B32: HACIENDA EL HUMEDAL PROP 49,3% | C32: 403346964 | D32: =+C32*(1+$E$2) -> 4.2766879e+08
B33: HOYA HIDROGRAFICA CAY | C33: 1992946600 | D33: =+C33*(1+$E$2) -> 2.1131213e+09
B34: BOCATOMA CAY | C34: 186900000 | D34: =+C34*(1+$E$2) -> 198170070
B35: BOCATOMA COCORA | C35: 36163200 | D35: =+C35*(1+$E$2) -> 38343841
B36: BOCATOMA COMBEIMA | C36: 57772200 | D36: =+C36*(1+$E$2) -> 61255864
B37: BOCATOMA CHEMBE FLORECITA LOTE 2 | C37: 233033500 | D37: =+C37*(1+$E$2) -> 2.4708542e+08
B38: BOCATOMA CHEMBE LOTE 1 | C38: 36476500 | D38: =+C38*(1+$E$2) -> 38676033
B39: PLANTA EL TEJAR | C39: 611156000 | D39: =+C39*(1+$E$2) -> 6.4800871e+08
B40: EL PORVENIR PROP 17,17% | C40: 305388504 | D40: =+C40*(1+$E$2) -> 3.2380343e+08
B41: LOS TERMALES PROP 63.30% | C41: 27544433 | D41: =+C41*(1+$E$2) -> 29205362
B42: EL CARACOL PROP 63.30% | C42: 15734156 | D42: =+C42*(1+$E$2) -> 16682926
... B46: LOTE DOS CALIFORNIA 63.30% | C46: 11450868 | D46: =+C46*(1+$E$2) -> 12141355
B47: TOTAL PREDIOS RURALES | C47: =SUM(C31:C46) -> 6408660881 | D47: =SUM(D31:D46) -> 6.7951031e+09
B50: TODO RIESGOS DAÑOS MATERIALES
B51: SISTEMA DE ACUEDUCTO
B52: BOCATOMAS
B53: DESCRIPCION | C53: 2025 | D53: 2026
B54: COMBEIMA | C54: 2036936804 | D54: =+C54*(1+$E$2) -> 2.1597641e+09
B55: CAY | C55: 776645009 | D55: =+C55*(1+$E$2) -> 8.234767e+08
B56: CHEMBE | C56: 2548667333 | D56: =+C56*(1+$E$2) -> 2.702352e+09
B57: COCORA | C57: 1983247826 | D57: =+C57*(1+$E$2) -> 2.1028377e+09
B58: TOTAL BOCATOMAS | C58: =SUM(C54:C57) -> 7345496972 | D58: =SUM(D54:D57) -> 7.7884304e+09
B61: TODO RIESGOS DAÑOS MATERIALES
B62: ADUCCIONES
B63: DESCRIPCION | C63: 2025 | D63: 2026
B64: COMBEIMA | C64: 7672025652 | D64: =+C64*(1+$E$2) -> 8.1346488e+09
B65: CAY | C65: 569785753 | D65: =+C65*(1+$E$2) -> 6.0414383e+08
B66: CHEMBE | C66: 163570944 | D66: =+C66*(1+$E$2) -> 1.7343427e+08
B67: BOCATOMA COCORA A PTAP BOQUERON A PTAP POLA | C67: 27000000 | D67: =+C67*(1+$E$2) -> 28628100
B68: TOTAL ADUCCIONES | C68: =SUM(C64:C67) -> 8432382349 | D68: =SUM(D64:D67) -> 8.940855e+09
B71: TODO RIESGOS DAÑOS MATERIALES
B72: PLANTAS DE TRATAMIENTO
B73: DESCRIPCION | C73: 2025 | D73: 2026
B74: POLA 1 | C74: 9104080784 | D74: =+C74*(1+$E$2) -> 9.6530569e+09
B75: POLA 2 | C75: 8073848158 | D75: =+C75*(1+$E$2) -> 8.5607012e+09
B76: PLANTA DE TRATAMIENTO ARBOLEDA PTAP | C76: 259461037 | D76: =+C76*(1+$E$2) -> 2.7510654e+08
B77: CHEMBE | C77: 781038444 | D77: =+C77*(1+$E$2) -> 8.2813506e+08
B78: PLANTA DE TRATAMIENTO BOQUERON | C78: 32000000000 | D78: =+C78*(1+$E$2) -> 33929600000
B79: TOTAL PLANTAS DE TRATAMIENTO | C79: =SUM(C74:C78) -> 50218428423 | D79: =SUM(D74:D78) -> 5.32466e+10
B82: TODO RIESGOS DAÑOS MATERIALES
B83: CONDUCCIONES
B84: DESCRIPCION | C84: 2025 | D84: 2026
B85: TRAMOS CCP AMERICAN PIPE | C85: 1237035951 | D85: =+C85*(1+$E$2) -> 1.3116292e+09
B86: TRAMO FLOW-TITE | C86: 5778358464 | D86: =+C86*(1+$E$2) -> 6.1267935e+09
B87: TRAMO HIERRO DUCTIL | C87: 1428673910 | D87: =+C87*(1+$E$2) -> 1.5148229e+09
B88: TRAMOS PVC | C88: 2228917301 | D88: =+C88*(1+$E$2) -> 2.363321e+09
B89: TRAMO HIERRO FUNDIDO | C89: 4721865 | D89: =+C89*(1+$E$2) -> 5006593.5
B90: TRAMOS ASBESTO CEMENTO | C90: 6442928447 | D90: =+C90*(1+$E$2) -> 6.831437e+09
B91: ESTACION DE BOMBEO Y ABASTECIMIENTO CALUCAIMA | C91: 320000000 | D91: =+C91*(1+$E$2) -> 339296000
B92: CONDUCCION DE BOMBEO AMBALA - ALMINAR ZAMOA | C92: 291124219 | D92: =+C92*(1+$E$2) -> 3.0867901e+08
B93: TOTAL CONDUCCIONES | C93: =SUM(C85:C92) -> 17731760157 | D93: =SUM(D85:D92) -> 1.8800985e+10
B96: TODO RIESGOS DAÑOS MATERIALES
B97: TANQUES
B98: DESCRIPCION | C98: 2025 | D98: 2026
A99: 1 | B99: TANQUE BELEN | C99: 417643004 | D99: =+C99*(1+$E$2) -> 4.4282688e+08
A100: 2 | B100: TANQUE CIUDAD | C100: 423158885 | D100: =+C100*(1+$E$2) -> 4.4867537e+08
A101: 3 | B101: TANQUE BELEN AURORA ANTIGUO | C101: 174489694 | D101: =+C101*(1+$E$2) -> 1.8501142e+08
A102: 4 | B102: TANQUE BELEN AURORA NUEVO | C102: 577108013 | D102: =+C102*(1+$E$2) -> 6.1190763e+08
A103: 5 | B103: TANQUE CERRO GORDO | C103: 337359997 | D103: =+C103*(1+$E$2) -> 3.577028e+08
A104: 6 | B104: TANQUE INTERLAKEN | C104: 164834959 | D104: =+C104*(1+$E$2) -> 1.7477451e+08
A105: 7 | B105: TANQUE CALLE 29 | C105: 1065618508 | D105: =+C105*(1+$E$2) -> 1.1298753e+09
A106: 8 | B106: TANQUE CALLE 30 | C106: 650216577 | D106: =+C106*(1+$E$2) -> 6.8942464e+08
A107: 9 | B107: TANQUE PIEDRA PINTADA 1 | C107: 330637775 | D107: =+C107*(1+$E$2) -> 3.5057523e+08
A108: 10 | B108: TANQUE PIEDRA PINTADA 2 | C108: 1501037419 | D108: =+C108*(1+$E$2) -> 1.59155e+09
A109: 11 | B109: TANQUE ALSACIA | C109: 524614340 | D109: =+C109*(1+$E$2) -> 5.5624858e+08
A110: 12 | B110: TANQUE MIROLINDO 1 | C110: 368007970 | D110: =+C110*(1+$E$2) -> 3.9019885e+08
... A117: 19 | B117: TANQUE FLORIDA - SUR | C117: 2500000000 | D117: =+C117*(1+$E$2) -> 2650750000
B118: TOTAL TANQUES | C118: =SUM(C99:C117) -> 23085234621 | D118: =SUM(D99:D117) -> 2.4477274e+10
B121: TODO RIESGOS DAÑOS MATERIALES
B122: REDES
B123: DESCRIPCION | C123: 2025 | D123: 2026
B124: DISTRITO 1 | C124: 432205748 | D124: =+C124*(1+$E$2) -> 4.5826775e+08
...

Sheet RELACIÓN TRDM M Y E
B2: TODO RIESGOS CONTRATISTAS
B3: DESCRIPCION | C3: TOTAL
B4: Equipo instalado en vacon | C4: 90000000
B5: Equipo instalado en vactor OTD 919 | C5: 514331759
B6: Equipo instalado en vactor OTE 024 | C6: 836689140
B7: Equipo instalado en vactor – Nuevo OET 019 | C7: 1273900120
B8: Mini cargador CASE Con sus accesorios CASE 440 | C8: 201487924
B9: EQUIPO DE INSPECCIÓN DE REDES (TODO RIESGO) MONTADO EN CAMIONETA SÚPER CHARRY -OTD 918 | C9: 350000000
B10: EQUIPO DE ANÁLISIS DE TUBERÍA (TODO RIESGO) MONTADO EN CAMIONETA CHEVROLET LINEA NPR OTE 022 | C10: 845000000
B11: MARTILLO NEUMATICO COMPRESOR MARCA GERSOL | C11: 50000000
B12: EQUIPO DE INSPECCIÓN DE REDES (TODO RIESGO) MONTADO EN CAMIONETA CHEVROLET LINEA NPR OET 017 | C12: 1349023921
B13: MINI VIBROCOMPACTADOR (BENITIN) | C13: 150000000
B14: TOTAL TODO RIESGOS CONTRATISTAS | C14: =SUM(C4:C13) -> 5660432864

Sheet RELACIÓN AUTOMOVILES Y SOAT
B2: LISTADO AUTOMOVILES
B3: DESCRIPCION | C3: PLACA | D3: Valor Asegurado Fasecolda Guia 345 (Mayo de 2025) | E3: ACCECORIOS | F3: VALOR ASEGURADO TOTAL | G3: COSTO SOAT
B4: Mitsubishi Canter Modelo 2000 (Código 6204004) | C4: OTD 955 | D4: 36300000 | E4: 0 | F4: =+D4+E4 -> 36300000 | G4: 888400
B5: Chevrolet Súper Charry Modelo 2006 (Código 1606100) Valor del GPS $600.000.oo | C5: OTD 918 | D5: 17300000 | E5: 600000 | F5: =+D5+E5 -> 17900000 | G5: 797300
B6: International Modelo 2006 (Código 3611080) | C6: OTD 919 | D6: 171100000 | E6: 0 | F6: =+D6+E6 -> 171100000 | G6: 1621900
B7: International Modelo 2009 (Código 3611089) | C7: OTE 024 | D7: 155600000 | E7: 0 | F7: =+D7+E7 -> 155600000 | G7: 1621900
B8: Chevrolet NPR Modelo 2009 (Código 1612099) | C8: OTE 022 | D8: 93700000 | E8: 0 | F8: =+D8+E8 -> 93700000 | G8: 888400
B9: Nissan NP 300 Frontier Modelo 2012 (Código 6421052) | C9: OCJ473 | D9: 59800000 | E9: 0 | F9: =+D9+E9 -> 59800000 | G9: 1121400
B10: Nissan NP 300 Frontier Modelo 2012 (Código 6421052) | C10: OCJ471 | D10: 59800000 | E10: 0 | F10: =+D10+E10 -> 59800000 | G10: 1121400
B11: Nissan NP 300 Frontier Modelo 2012 (Código 6421052) | C11: OCJ472 | D11: 59800000 | E11: 0 | F11: =+D11+E11 -> 59800000 | G11: 1121400
B12: MITSUBISHI L 200 SPORTERO Modelo 2013 (Código 6221020) | C12: OCJ511 | D12: 71400000 | E12: 0 | F12: =+D12+E12 -> 71400000 | G12: 1121400
B13: International Modelo 2017 (Codigo 3611108) | C13: OET 019 | D13: 291800000 | E13: 0 | F13: =+D13+E13 -> 291800000 | G13: 1621900
B14: Chevrolet Linea NPR Modelo 2017 (Codigo 1612158) | C14: OET 017 | D14: 148000000 | E14: 0 | F14: =+D14+E14 -> 148000000 | G14: 1121400
B15: Chevrolet Linea FVZ Modelo 2017 (Codigo 1610078) | C15: OET 018 | D15: 322100000 | E15: 0 | F15: =+D15+E15 -> 322100000 | G15: 1621900
B16: TOTAL POLIZA AUTOMOVILES | D16: =SUM(D4:D15) -> 1486700000 | E16: =SUM(E4:E15) -> 600000 | F16: =SUM(F4:F15) -> 1487300000 | G16: =SUM(G4:G15) -> 14668700

Sheet POLIZA VIDA GRUPO
B2: POLIZA VIDA GRUPO
B3: DESCRIPCION | C3: VALOR ASEGURADO POR PERSONA
B4: Básico muerte por cualquier causa (Incluye suicidio, homicidio y cobertura de Covid-19) | C4: =30*1423500 -> 42705000
B5: Incapacidad total y permanente y desmembración | C5: =30*1423500 -> 42705000
B6: Desmembración y/o inhabilitación funcional | C6: =30*1423500 -> 42705000
B7: d.- Enfermedades Graves (anticipo del 50%) | C7: =C6/2 -> 21352500
B8: e.- Auxilio Funerario | C8: 5000000
B9: f.- Renta diaria por hospitalización | C9: 50.000 X 30 DIAS
B10: g.- Renta diaria adicional por internación en UCI | C10: 50.000 X 30 DIAS
B11: h.- Gastos médicos por accidente | C11: 5000000

Sheet SOAT
B2: POLIZA AUTOMOVILES
B3: DESCRIPCION | C3: PLACA
B4: Mitsubishi Canter Modelo 2000 (Código 6204004) | C4: OTD 955
B5: Chevrolet Súper Charry Modelo 2006 (Código 1606100) Valor del GPS $600.000.oo | C5: OTD 918
B6: International Modelo 2006 (Código 3611080) | C6: OTD 919
B7: International Modelo 2009 (Código 3611089) | C7: OTE 024
B8: Chevrolet NPR Modelo 2009 (Código 1612099) | C8: OTE 022
B9: Nissan NP 300 Frontier Modelo 2012 (Código 6421052) | C9: OCJ473
B10: Nissan NP 300 Frontier Modelo 2012 (Código 6421052) | C10: OCJ471
B11: Nissan NP 300 Frontier Modelo 2012 (Código 6421052) | C11: OCJ472
B12: MITSUBISHI L 200 SPORTERO Modelo 2013 (Código 6221020) | C12: OCJ511
B13: International Modelo 2017 (Codigo 3611108) | C13: OET 019
B14: Chevrolet Linea NPR Modelo 2017 (Codigo 1612158) | C14: OET 017
B15: Chevrolet Linea FVZ Modelo 2017 (Codigo 1610078) | C15: OET 018
B16: TOTAL POLIZA AUTOMOVILES
